 Dungeon Crawl Stone Soup version 0.17-a0-2217-ga280b8d (webtiles) character file.

5290 Enish the Grappler (level 10, -7/77 HPs)
             Began as a Ghoul Monk on Oct 28, 2015.
             Was a High Priest of Makhleb.
             Mangled by an orc knight
             ... wielding a +0 war axe
              (25 damage)
             ... in a bailey.
             The game lasted 00:31:10 (8029 turns).

Enish the Grappler (Ghoul Monk)                     Turns: 8029, Time: 00:31:10

Health: -7/77      AC: 10    Str: 16    XL:     10   Next: 63%
Magic:  12/12      EV: 21    Int:  8    God:    Makhleb [*****.]
Gold:   335        SH:  0    Dex: 16    Spells: 0 memorised, 9 levels left

rFire  . . .     SeeInvis .       - Unarmed
rCold  + . .     Clarity  .     J - +4 leather armour of Xokeunagg {rN++}
rNeg   + + +     SustAt   .     (no shield)
rPois  ∞         Gourm    .     u - +0 helmet
rElec  .         Spirit   .     F - +1 cloak
rCorr  .         Warding  +     (no gloves)
rMut   .         Stasis   .     (no boots)
MR     +....                    a - amulet of warding
Stlth  ++++......               w - ring of stealth
                                m - ring of protection from magic

@: agile, rotting, somewhat resistant to hostile enchantments, stealthy
A: rotting body, claws 1, carnivore 3, cold resistance 1, negative energy
resistance 3, slow regeneration 1, torment resistance, unbreathing
a: Minor Destruction, Lesser Servant of Makhleb, Major Destruction, Greater
Servant of Makhleb, Renounce Religion


You were in a bailey.
You worshipped Makhleb.
Makhleb was extremely pleased with you.
You were not hungry.

You visited 1 branch of the dungeon, and saw 9 of its levels.
You also visited: Bailey.

You collected 541 gold pieces.
You spent 206 gold pieces at shops.

Inventory:

Missiles
 A - 5 steel tomahawks (quivered)
Armour
 u - a +0 helmet (worn)
 F - a +1 cloak (worn)
 J - the +4 leather armour of Xokeunagg (worn) {rN++}
   (You found it on level 8 of the Dungeon)

   It greatly protects you from negative energy.
Magical Staves
 L - an uncursed staff of energy
Jewellery
 a - an amulet of warding (around neck)
 e - a +3 ring of intelligence
 h - an uncursed amulet of resist mutation
 j - an uncursed ring of fire
 m - a ring of protection from magic (left claw)
 w - a ring of stealth (right claw)
Wands
 y - a wand of magic darts (6)
 B - a wand of frost (20)
Scrolls
 c - 2 scrolls of noise {unknown}
 l - 3 scrolls of magic mapping
 n - a scroll of amnesia {unknown}
 o - 2 scrolls of fear
 t - a scroll of enchant weapon
 v - a scroll of remove curse
 C - a scroll of enchant armour {unknown}
 D - a scroll of teleportation {unknown}
 I - a scroll of recharging {unknown}
 K - a scroll of immolation {unknown}
Potions
 d - a potion of cure mutation
 f - 3 potions of brilliance
 q - 3 potions of degeneration
 r - a potion of curing
 s - 2 potions of flight
 x - a potion of ambrosia
 z - a potion of cancellation
 E - a potion of lignification
Books
 i - a Fen Folio

   Spells                             Type                      Level
   a - Corpse Rot                     Necromancy                   2
   b - Stone Arrow                    Conjuration/Earth            3
   c - Leda's Liquefaction            Hexes/Earth                  4
   d - Summon Forest                  Summoning/Translocation      5
   e - Hydra Form                     Transmutation                6
   f - Summon Hydra                   Summoning                    7
Comestibles
 b - 10 meat rations
 g - 3 beef jerkies
 k - 6 chunks of flesh
 H - 3 slices of pizza


   Skills:
 - Level 3.2 Fighting
 - Level 7.1 Dodging
 - Level 2.1 Stealth
 * Level 14.3 Unarmed Combat
 - Level 4.1 Invocations


You had 9 spell levels left.
You didn't know any spells.

Dungeon Overview and Level Annotations

Branches:
Dungeon (9/15)             Temple (0/1) D:5
   Lair: D:8-11         Orc: D:9-12

Altars:
Makhleb
Okawaru

Shops:
D:8 %


Innate Abilities, Weirdness & Mutations

Your body is rotting away.
You thrive on raw meat.
You are immune to poison.
You have sharp fingernails.
You are carnivorous and can eat meat at any time.
Your flesh is cold resistant.
You are immune to negative energy.
You regenerate slowly when monsters are visible.
You are immune to unholy pain and torment.
You can survive without breathing.


Message History

The orc knight hits you with a war axe!
* * * LOW HITPOINT WARNING * * *
You barely miss the orc knight.
The orc knight is almost dead.
The orc closely misses you.
You scratch the orc knight but do no damage.
The orc knight is almost dead.
The orc knight hits you with a war axe.
* * * LOW HITPOINT WARNING * * *
The orc barely misses you.
You barely miss the orc knight.
The orc knight is almost dead.
The orc knight completely misses you.
You barely miss the orc knight.
The orc knight is almost dead.
The orc closely misses you.
You scratch the orc knight but do no damage.
The orc knight is almost dead.
The orc knight hits you with a war axe!!
You die...

# ### ##.## ###.###
.....## ###.....###
.......###.........##
........#...........#
.......o@...........#
..⌠....o#))...⌠.....#
........#.))........#
........#...........#
.......###.......).###
.....##
###.....#'#.###
##.....###.##
###.###.))).##
.........## ..
###...).....
.........8##..
#..........


You could see an orc knight and an orc (frenzied).

Vanquished Creatures
  Pikel (D:7)
  An orc knight (Bailey)
  Joseph (D:7)
  A hungry ghost (D:8)
  11 orc warriors
  3 ice beasts
  2 phantoms
  A black bear (D:8)
  3 sky beasts
  3 centaurs
  3 ogres (D:7)
  2 giant frogs
  2 scorpions
  9 wights
  4 crimson imps
  6 jellies
  Crazy Yiuf (D:7)
  2 hounds
  4 orc wizards
  3 orc priests
  An iguana (D:4)
  9 worker ants
  A hound zombie (D:7)
  A hound skeleton (D:4)
  9 gnolls (Bailey)
  2 adders (D:5)
  A shadow imp (D:5)
  2 worms
  An adder skeleton (D:5)
  3 giant geckos
  37 orcs
  A ball python (D:2)
  10 giant cockroaches
  21 goblins
  21 hobgoblins
  7 jackals
  2 quokkas
  9 bats
  A giant gecko skeleton (D:4)
  10 giant newts
  8 kobolds
  7 rats
  A plant (D:2)
228 creatures vanquished.

Vanquished Creatures (others)
  A hungry ghost (D:7)
  A slave (D:7)
  A giant cockroach (D:7)
3 creatures vanquished.

Grand Total: 231 creatures vanquished

Notes
Turn   | Place    | Note
--------------------------------------------------------------
     0 | D:1      | Enish the Ghoul Monk began the quest for the Orb.
     0 | D:1      | Reached XP level 1. HP: 19/19 MP: 0/0
   175 | D:1      | Reached XP level 2. HP: 23/25 MP: 1/1
   420 | D:1      | Reached skill level 5 in Unarmed Combat
   891 | D:2      | Reached XP level 3. HP: 31/31 MP: 2/2
  1679 | D:3      | Noticed an ice beast
  1706 | D:3      | Killed an ice beast
  1706 | D:3      | Reached skill level 6 in Unarmed Combat
  1706 | D:3      | Reached XP level 4. HP: 18/38 MP: 3/3
  1706 | D:3      | Reached XP level 5. HP: 21/45 MP: 4/4
  1915 | D:3      | Reached skill level 7 in Unarmed Combat
  2811 | D:4      | Reached XP level 6. HP: 43/49 MP: 5/5
  3021 | D:4      | Reached skill level 8 in Unarmed Combat
  3398 | D:5      | Entered Level 5 of the Dungeon
  3425 | D:5      | Found a burning altar of Makhleb.
  3438 | D:5      | Became a worshipper of Makhleb the Destroyer
  3438 | D:5      | Reached * piety under Makhleb
  3438 | D:5      | Reached ** piety under Makhleb
  3718 | D:4      | Reached skill level 9 in Unarmed Combat
  3718 | D:4      | Reached XP level 7. HP: 10/57 MP: 6/6
  3949 | D:5      | Found an iron altar of Okawaru.
  3992 | D:5      | Found a staircase to the Ecumenical Temple.
  4151 | D:6      | Reached skill level 10 in Unarmed Combat
  4221 | D:6      | HP: 2/57 [orc warrior/short sword (17)]
  4225 | D:6      | Reached XP level 8. HP: 3/63 MP: 7/7
  4233 | D:6      | HP: 1/63 [orc wizard/magic dart (11)]
  4500 | D:6      | Reached skill level 11 in Unarmed Combat
  5124 | D:6      | Reached *** piety under Makhleb
  5157 | D:6      | Reached skill level 5 in Dodging
  5467 | D:7      | Noticed Crazy Yiuf
  5479 | D:7      | Killed Crazy Yiuf
  5536 | D:7      | Reached XP level 9. HP: 57/70 MP: 8/8
  5766 | D:7      | Noticed Pikel
  5775 | D:7      | Killed Pikel
  5775 | D:7      | Reached skill level 12 in Unarmed Combat
  5848 | D:7      | Reached skill level 13 in Unarmed Combat
  5883 | D:7      | Noticed Joseph
  5907 | D:7      | Killed Joseph
  6043 | D:7      | Found a burning altar of Makhleb.
  6560 | D:8      | Reached XP level 10. HP: 64/76 MP: 9/9
  6668 | D:8      | Reached **** piety under Makhleb
  6751 | D:8      | Got a brightly glowing leather armour
  6752 | D:8      | Identified the +4 leather armour of Xokeunagg {rN++} (You found it on level 8 of the Dungeon)
  6895 | D:8      | Found Forecviga's Food Emporium.
  6949 | D:8      | Bought a beef jerky for 19 gold pieces
  6949 | D:8      | Bought a meat ration for 65 gold pieces
  6949 | D:8      | Bought a beef jerky for 19 gold pieces
  6949 | D:8      | Bought a slice of pizza for 19 gold pieces
  6949 | D:8      | Bought a slice of pizza for 19 gold pieces
  6949 | D:8      | Bought a meat ration for 65 gold pieces
  7404 | D:9      | Found a flagged portal.
  7436 | Bailey   | Entered a bailey
  7609 | Bailey   | Reached skill level 14 in Unarmed Combat
  7614 | Bailey   | Reached ***** piety under Makhleb
  7717 | Bailey   | Reached skill level 1 in Invocations
  7753 | Bailey   | Noticed an orc knight
  7768 | Bailey   | Killed an orc knight
  7813 | Bailey   | Noticed an orc warlord
  7993 | Bailey   | Noticed an orc knight
  8029 | Bailey   | Mangled by an orc knight

Vault maps used:
D:1:      matt_arrival_spirals, minmay_tree_intersection, eino_curves_03
D:2:      serial_forest, infiniplex_forest_clump_diagonal,
          infiniplex_forest_end_3, infiniplex_forest_straight_3,
          infiniplex_forest_end_2, infiniplex_forest_straight_2,
          infiniplex_forest_corner_1, infiniplex_forest_pool,
          infiniplex_forest_lined_ring, infiniplex_forest_straight_3
D:3:      minivault_26
D:4:      hangedman_glass_teeth
D:5:      lemuel_crystal_altar, minmay_temple_entry_poolview, first_bread,
          minmay_misc_feat_diagonals, bloody_makhleb
D:6:      st_stairs_3, lightli_orcish_oven
D:7:      basic_altar, uniq_pikel, uniq_joseph, uniq_crazy_yiuf_cottage
D:8:      serial_shops, nicolae_shop_scaring_up_business
D:9:      enter_bailey_3, serial_shops, shop
Bailey:   bailey_axe_minmay_hex_keep, bailey

Action                   |  1- 3 |  4- 6 |  7- 9 | 10-12 || total
-------------------------+-------+-------+-------+-------++-------
Melee: Unarmed           |   141 |   138 |   258 |   287 ||   824
Throw: Tomahawk          |       |       |    23 |       ||    23
Invok: Minor Destruction |       |       |       |     9 ||     9
Evoke: Wand              |       |       |     5 |     1 ||     6
  Use: Scroll            |     7 |     4 |     1 |     6 ||    18
       Potion            |     5 |       |     3 |     2 ||    10
 Stab: Sleeping          |     9 |     8 |     4 |     2 ||    23
       Distracted        |       |     1 |       |     1 ||     2
  Eat: Chunk             |     6 |    18 |    11 |    12 ||    47
